 Dungeon Crawl Stone Soup version 0.25-a0-651-g8c222c7a2b (webtiles) character file.

Game seed: 10498724997945742208, levelgen mode: deterministic

3286 Kohma the Grappler (level 9, -2/88 HPs)
             Began as a Troll Monk on Mar 22, 2020.
             Was an Elder of Qazlal.
             Slain by an orc warrior
             ... wielding a +0 war axe
              (16 damage)
             ... on level 7 of the Dungeon.
             The game lasted 00:19:00 (5932 turns).

Kohma the Grappler (Troll Monk)                     Turns: 5932, Time: 00:19:01

Health: -2/88      AC:  7    Str: 24    XL:     9   Next: 69%
Magic:  8/8        EV: 10    Int:  6    God:    Qazlal [****..]
Gold:   234        SH: 15    Dex: 12    Spells: 8/8 levels left

rFire    . . .     SeeInvis .     - Unarmed
rCold    . . .     Gourm    +   u - +0 kite shield
rNeg     . . .     Faith    .   a - +0 robe
rPois    .         Spirit   .   (helmet restricted)
rElec    .         Reflect  .   g - +0 cloak
rCorr    .         Harm     .   (gloves unavailable)
MR       .....                  (boots unavailable)
Stlth    +.........             (no amulet)
HPRegen  0.64/turn              (no ring)
MPRegen  0.11/turn              (no ring)

@: repel missiles
A: large, unfitting armour, claws 3, fast metabolism 3, gourmand, regeneration
1, shaggy fur 1, tough skin 3
a: Upheaval, Elemental Force, Renounce Religion


You were on level 7 of the Dungeon.
You worshipped Qazlal.
Qazlal was greatly pleased with you.
You were completely stuffed.

You visited 2 branches of the dungeon, and saw 8 of its levels.
You also visited: Sewer.

You collected 366 gold pieces.
You spent 132 gold pieces at shops.

Inventory:

Hand Weapons
 l - a +0 giant spiked club
Missiles
 d - 11 poisoned darts
 e - 208 stones
 z - 3 large rocks (quivered)
Armour
 a - a +0 robe (worn)
 g - a +0 cloak (worn)
 s - a +0 tower shield
 u - a +0 kite shield (worn)
Wands
 A - a wand of digging (9)
Scrolls
 f - a scroll of enchant armour
 h - 5 scrolls of fog
 i - 4 scrolls of remove curse
 k - 3 scrolls of fear
 n - 11 scrolls of teleportation
 o - 2 scrolls of immolation
 r - a scroll of magic mapping
 v - a scroll of summoning
 y - a scroll of random uselessness {unknown}
 B - a scroll of noise {unknown}
Potions
 c - a potion of lignification
 j - 2 potions of flight
 p - a potion of haste
 q - 3 potions of brilliance
 t - 10 potions of curing
 w - a potion of might
 x - a potion of ambrosia
 C - a potion of magic {unknown}
Comestibles
 b - 11 rations


   Skills:
 - Level 5.0 Fighting
 - Level 2.4 Dodging
 - Level 1.0 Stealth
 * Level 7.0 Shields
 - Level 10.0 Unarmed Combat


You had 8 spell levels left.
You didn't know any spells.
Your spell library contained the following spells:

 Spells                   Type           Power        Failure   Level  Hunger
 Magic Dart               Conj           #...         58%         1    ##.....
 Searing Ray              Conj           #.....       75%         2    ###....
 Dazzling Flash           Conj/Hex       #.....       92%         3    ####...
 Fulminant Prism          Conj/Hex       #.........   100%        4    #####..
 Iskenderun's Mystic Bla  Conj/Tloc      #.......     100%        4    #####..


Dungeon Overview and Level Annotations

Branches:
Dungeon (7/15)             Temple (1/1) D:5           Sewer (visited)

Altars:
Ashenzari
Dithmenos
Elyvilon
Gozag
Hepliaklqana
Kikubaaqudgha
Makhleb
Nemelex Xobeh
Okawaru
Qazlal
Ru
Sif Muna
Trog
Uskayaw
Vehumet
Wu Jian
Xom
Yredelemnul
Zin
The Shining One

Shops:
D:4 *


Innate Abilities, Weirdness & Mutations

You are too large for most types of armour.
You have claws for hands.
Your metabolism is lightning-fast.
You like to eat raw meat.
Your natural rate of healing is unusually fast.
You are covered in fur. (AC +1)
You have extremely tough skin. (AC +3)


Message History

The bullfrog gives a loud, deep croak!
You mangle Joseph!!
Joseph is almost dead.
You hear a shout!
The orc warrior hits you from afar with a +0 glaive!
The orc priest hits you but does no damage.
Joseph hits you with a cursed -3 quarterstaff.
The bullfrog hits you but does no damage.
The orc warrior is engulfed in blazing flames.
The orc warrior hits you with a +0 war axe!!
* * * LOW HITPOINT WARNING * * *
You mangle Joseph!!
You kill Joseph!
Qazlal accepts your kill.
Your Shields skill increases to level 7!
You block the bullfrog's attack. You block the orc priest's attack.
You block the orc warrior's attack.
The orc warrior is engulfed in blazing flames.
The orc warrior hits you with a +0 war axe!
You die...

#... .. #... ..
##... .. # #>...
o# #.#.... .#
....... .+
......o##.#+#...
._....o@Fo......
.....°)##o.F..##
....... .)...!.
###.### @....##
# .....# .......
##..... .....


You could see 2 orc warriors, 2 bullfrogs, an orc priest and an orc.

Vanquished Creatures
  Joseph (D:7)
  Sigmund (D:4)
  A water moccasin (D:5)
  A sky beast (D:6)
  An ice beast (D:5)
  An orc warrior (D:6)
  4 centaurs
  4 ogres
  2 big kobolds (Sewer)
  A bullfrog (D:7)
  2 scorpions
  A howler monkey (D:4)
  3 crimson imps
  A bullfrog zombie (D:6)
  3 hounds
  9 orc wizards
  5 orc priests
  Natasha (thrice) (D:3)
  3 iguanas
  2 worker ants
  A killer bee zombie (D:6)
  A hound zombie (D:5)
  A hound skeleton (D:6)
  A mummy (D:4)
  7 gnolls
  A worker ant zombie (D:5)
  10 river rats (Sewer)
  15 adders
  5 shadow imps
  4 oozes
  2 adder skeletons
  6 worms
  4 dart slugs (D:1)
  8 leopard geckos
  32 orcs
  4 giant cockroaches
  12 goblins
  10 hobgoblins
  3 jackals (D:1)
  22 kobolds
  A quokka (D:6)
  6 ball pythons
  15 bats
  5 frilled lizards
  2 hobgoblin zombies (D:4)
  A leopard gecko zombie (D:6)
  23 rats
251 creatures vanquished.

Notes
Turn   | Place    | Note
-------+----------+-------------------------------------------
     0 | D:1      | Kohma the Troll Monk began the quest for the Orb.
     0 | D:1      | Reached XP level 1. HP: 22/22 MP: 0/0
   121 | D:1      | Reached XP level 2. HP: 26/29 MP: 1/1
   224 | D:1      | Reached skill level 4 in Unarmed Combat
   291 | D:1      | Reached XP level 3. HP: 36/36 MP: 2/2
   770 | D:1      | Reached XP level 4. HP: 44/44 MP: 3/3
  1025 | D:2      | Reached skill level 5 in Unarmed Combat
  1209 | D:2      | Reached XP level 5. HP: 50/50 MP: 4/4
  1230 | D:2      | Reached skill level 6 in Unarmed Combat
  1782 | D:3      | Noticed Natasha
  1789 | D:3      | Killed Natasha
  1860 | D:3      | Reached XP level 6. HP: 59/59 MP: 5/5
  1948 | D:3      | You fall into a shaft and drop 1 floor!
  1948 | D:4      | Found a glowing drain.
  1950 | D:4      | Found Ximeraj's Assorted Antiques.
  1969 | D:4      | Reached skill level 7 in Unarmed Combat
  1989 | D:4      | Bought a kite shield for 108 gold pieces
  1989 | D:4      | Bought a scroll labeled OSUIFI UNIULU for 24 gold pieces
  2019 | Sewer    | Entered a sewer
  2186 | Sewer    | Reached skill level 8 in Unarmed Combat
  2212 | Sewer    | Reached XP level 7. HP: 66/66 MP: 6/6
  2720 | D:4      | Noticed Sigmund
  2732 | D:4      | Killed Sigmund
  2732 | D:4      | Reached skill level 9 in Unarmed Combat
  2765 | D:4      | Found a hazy altar of Hepliaklqana.
  2817 | D:4      | Reached XP level 8. HP: 52/74 MP: 7/7
  3004 | D:4      | Reached skill level 10 in Unarmed Combat
  3083 | D:5      | Entered Level 5 of the Dungeon
  3116 | D:5      | Reached skill level 1 in Shields
  3157 | D:5      | Found a staircase to the Ecumenical Temple.
  3166 | Temple   | Entered the Ecumenical Temple
  3271 | Temple   | Became a worshipper of Qazlal Stormbringer
  3271 | Temple   | Reached * piety under Qazlal
  3271 | Temple   | Reached ** piety under Qazlal
  3445 | D:3      | Noticed Natasha
  3451 | D:3      | Killed Natasha
  3456 | D:3      | Found a sparkling altar of Nemelex Xobeh.
  3643 | D:3      | Noticed Natasha
  3652 | D:3      | Killed Natasha
  4685 | D:5      | Reached *** piety under Qazlal
  4763 | D:5      | Reached XP level 9. HP: 78/84 MP: 8/8
  5165 | D:6      | Reached skill level 5 in Shields
  5757 | D:6      | Reached **** piety under Qazlal
  5860 | D:7      | Reached skill level 5 in Fighting
  5915 | D:7      | Found a sacrificial altar of Ru.
  5922 | D:7      | Noticed Joseph
  5932 | D:7      | Killed Joseph
  5932 | D:7      | Slain by an orc warrior

Levels and vault maps discovered:
D:1:      arrival_zaba_pyramid, layout_loops_ring, kennysheep_minor_cross,
          st_stairs_11, minmay_cut_off
D:2:      layout_loops_cross
D:3:      cheibrodos_helix_gallery, layout_basic, lemuel_doored_altar,
          first_ration, columned_hall_lemuel, uniq_natasha
D:4:      layout_loops_ring, kennysheep_mini, nicolae_ossuary_entry_giza,
          gup_sewer_entry_glass, serial_shops, shop_statue, uniq_sigmund
D:5:      layout_cave_pools, minmay_temple_entry_junction, nrook_mini_vaults
D:6:      layout_gridville
D:7:      layout_basic, marbit_many_paths, basic_altar, serial_shops,
          nicolae_shop_behind_doors, uniq_joseph
Temple:   dpeg_five_rooms_temple

Skill      XL: |  1  2  3  4  5  6  7  8  9 |
---------------+----------------------------+-----
Unarmed Combat | 4 5 6 8 9 10 | 10.0
Shields        | 4 7 |  7.0
Fighting       | 4 5 |  5.0
Dodging        | |  2.4
Stealth        | |  1.0

Action                   |  1- 3 |  4- 6 |  7- 9 || total
-------------------------+-------+-------+-------++-------
Melee: Unarmed           |   107 |   186 |   318 ||   611
       Punch             |     1 |     4 |    12 ||    17
Throw: Large rock        |       |       |     1 ||     1
  Use: Scroll            |       |       |    17 ||    17
       Potion            |       |       |     1 ||     1
 Stab: Sleeping          |     3 |     3 |       ||     6
       Distracted        |       |       |     1 ||     1
  Eat: Chunk             |    13 |    13 |    34 ||    60
Armor: Robe              |    39 |    68 |    81 ||   188
Dodge: Dodged            |    44 |   107 |   128 ||   279
Block: Kite shield       |       |       |    99 ||    99
       Other             |       |       |     8 ||     8

Table legend:
 A = Non-vault XP
 B = Vault XP
 C = Vault XP percentage of total XP
 D = Non-vault monster count
 E = Vault monster count
 F = Vault count percentage of total count
                 A         B        C        D         E       F
            +---------+---------+-------+---------+---------+-------
      Total |    3538 |    1157 |  24.6 |     184 |      67 |  26.7
            +---------+---------+-------+---------+---------+-------
        D:1 |      79 |      19 |  19.4 |      35 |       8 |  18.6
        D:2 |     211 |       0 |   0.0 |      28 |       0 |   0.0
        D:3 |     212 |      43 |  16.9 |      27 |       3 |  10.0
        D:4 |     591 |     256 |  30.2 |      28 |       7 |  20.0
        D:5 |    1042 |       0 |   0.0 |      24 |       0 |   0.0
        D:6 |    1222 |       0 |   0.0 |      36 |       0 |   0.0
        D:7 |     181 |     430 |  70.4 |       6 |       1 |  14.3
      Sewer |       0 |     409 | 100.0 |       0 |      48 | 100.0
            +---------+---------+-------+---------+---------+-------
